 Dungeon Crawl Stone Soup version 0.30-a0-377-g5cb311bc9f (webtiles) character file.

Game seed: 4918489507061653384

606 PyroL the Reanimator (level 7, -1/52 HPs)
             Began as a Demonspawn Necromancer on Nov 29, 2022.
             Slain by a steam dragon (3 damage)
             ... on level 6 of the Dungeon.
             The game lasted 00:12:26 (4352 turns).

PyroL the Reanimator (Demonspawn Necromancer)       Turns: 4352, Time: 00:12:27

Health: -1/52      AC:  0    Str:  9    XL:     7   Next: 19%
Magic:  2/12       EV: 11    Int: 18    God:
Gold:   229        SH:  5    Dex: 13    Spells: 4/12 levels left

rFire   . . .      SeeInvis .    p - +2 mace (vorpal)
rCold   . . .      Faith    .    j - +2 buckler
rNeg    . . .      Spirit   .    a - +0 robe
rPois   .          Reflect  .    (no helmet)
rElec   .          Harm     .    (no cloak)
rCorr   .          Rampage  .    (no gloves)
Will    +....                    (no boots)
Stlth   ++........               (no amulet)
HPRegen 0.28/turn                m - ring of willpower
MPRegen 0.13/turn                (no ring)

@: corroded, animating dead, slowed, very slow
A: icy blue scales 1, powered by death 1, demonic touch 1
a: no special abilities


You were on level 6 of the Dungeon.
You visited 1 branch of the dungeon, and saw 6 of its levels.

You collected 229 gold pieces.

Inventory:

Hand Weapons
 p - a +2 vorpal mace (weapon)
Armour
 a - a +0 robe (worn)
 j - a +2 buckler (worn)
Jewellery
 m - a ring of willpower (left hand)
Wands
 s - a wand of charming (8)
 v - a wand of flame (39)
Scrolls
 d - a scroll of blinking {unknown}
 g - 4 scrolls of summoning
 h - a scroll of fear {unknown}
 i - a scroll of enchant weapon {unknown}
 l - 3 scrolls of teleportation {unknown}
 o - 2 scrolls of amnesia
 t - 2 scrolls of magic mapping {unknown}
 u - 2 scrolls of butterflies {unknown}
Potions
 b - a potion of magic
 c - 2 potions of mutation
 e - 6 potions of heal wounds
 f - a potion of attraction {unknown}
 k - 4 potions of curing
 n - a potion of degeneration {unknown}
 q - a potion of flight {unknown}
 r - a potion of haste
 w - 2 potions of lignification {unknown}


   Skills:
 + Level 3.3 Fighting
 - Level 1.7 Dodging
 - Level 1.7 Stealth
 - Level 3.4 Spellcasting
 * Level 8.0 Necromancy


You had 4 spell levels left.
You knew the following spells:

 Your Spells              Type           Power      Damage    Failure   Level
a - Necrotise             Necr           100%       1d9       1%          1
b - Vampiric Draining     Necr           32%        2d8       2%          3
c - Animate Dead          Necr           32%        N/A       8%          4

Your spell library contained the following spells:

 Spells                   Type           Power      Damage    Failure   Level
 Freeze                   Ice            12%        1d3       22%         1
 Sandblast                Erth           6%         2d5       22%         1
 Passwall                 Tmut/Erth      2%         N/A       32%         2
 Frozen Ramparts          Ice            6%         1d1       54%         3
 Gell's Gravitas          Tloc           3%         N/A       54%         3
 Hailstorm                Conj/Ice       3%         3d3       54%         3
 Stone Arrow              Conj/Erth      6%         3d7       54%         3
 Teleport Other           Tloc           3%         N/A       54%         3
 Agony                    Necr           32%        N/A       22%         5
 Dispersal                Tloc           1%         N/A       100%        6


Dungeon Overview and Level Annotations

Branches:
Dungeon (6/15)
 Temple: D:4-7

Altars:
Ashenzari

Shops:
D:2 !


Innate Abilities, Weirdness & Mutations

You are partially covered in icy blue scales. (AC +2)
You regenerate a little health from kills.
Your touch may inflict minor irresistible damage on your foes.


Message History

The giant cockroach bites you but does no damage.
The hornet stings you!
* * * LOW HITPOINT WARNING * * *
You feel as though you will be slow longer.
The giant cockroach bites you but does no damage.
You can move again.
Casting: Animate Dead (dangerous; 8% risk of failure)
Confirm with . or Enter, or press ? or * to list all spells.
Aiming: Vampiric Draining (dangerous; 2% risk of failure)
Press: ? - help, Shift-Dir - straight line, f - hornet, p - giant cockroach
Aim: a hornet (lightly wounded)
You draw life force from the hornet!
You feel life coursing into your body! You block the hornet's attack.
The giant cockroach bites you but does no damage.
You block the hornet's attack.
You hit the giant cockroach.
You kill the giant cockroach!
The dead are walking!
You block the hornet's attack. The jelly hits you. The acid corrodes you!
You are splashed with acid!
* * * LOW HITPOINT WARNING * * *
An orc comes into view. It is wielding a +0 mace.
The hornet stings you.
* * * LOW HITPOINT WARNING * * *
You feel as though you will be slow longer.
The jelly hits you.
* * * LOW HITPOINT WARNING * * *
You are splashed with acid!
* * * LOW HITPOINT WARNING * * *
The hornet closely misses you.
The orc moves out of view.
Casting: Vampiric Draining (dangerous; 2% risk of failure)
Confirm with . or Enter, or press ? or * to list all spells.
Aiming: Vampiric Draining (dangerous; 2% risk of failure)
Press: ? - help, Shift-Dir - straight line, f/p - hornet
Aim: a hornet (heavily wounded, ally target)
You draw life force from the hornet.
You feel life coursing into your body. The hornet stings you!
* * * LOW HITPOINT WARNING * * *
You feel as though you will be slow longer.
The steam dragon bites you.
You die...

.......##..##...... .
##....#..## #§.... ..
##....†..## ....#
$.#..###...##......##
< ...###.......# ...
... #.#.....##..#
##..##.......# .#
......J..#....# ..
#....y@Z#.#..# .
......D..###....
.#....#.... #####
#....#....# .....
.....# #~?.# .....+
~~~~ ......# ~~~
~#....#


You could see a hornet (ally target), a steam dragon, a jelly and a friendly
giant cockroach zombie.

Vanquished Creatures
  2 black bears (D:5)
  A phantom (D:5)
  A scorpion (D:5)
  2 hounds
  An orc priest (D:5)
  Terence (D:2)
  2 gnolls (D:4)
  5 adders
  A white imp (D:5)
  2 worms (D:2)
  2 dart slugs (D:2)
  10 orcs
  6 endoplasms
  5 giant cockroaches
  6 goblins
  4 hobgoblins
  3 jackals (D:3)
  9 kobolds
  6 quokkas
  6 ball pythons
  5 bats
  3 frilled lizards
  3 rats
86 creatures vanquished.

Vanquished Creatures (collateral kills)
  A gnoll (D:4)
  An orc (D:3)
2 creatures vanquished.

Vanquished Creatures (others)
  2 orc zombies (D:5)
2 creatures vanquished.

Grand Total: 90 creatures vanquished

Notes
Turn   | Place    | Note
-------+----------+-------------------------------------------
     0 | D:1      | PyroL the Demonspawn Necromancer began the quest for the
                  | Orb.
     0 | D:1      | Reached XP level 1. HP: 13/13 MP: 3/3
   370 | D:1      | Gained mutation: You regenerate a little health from kills.
                  | [demonic ancestry]
   370 | D:1      | Reached XP level 2. HP: 19/19 MP: 0/5
  1143 | D:2      | Gained mutation: Your touch may inflict minor irresistible
                  | damage on your foes. [demonic ancestry]
  1143 | D:2      | Reached XP level 3. HP: 24/24 MP: 5/7
  1187 | D:2      | Reached skill level 5 in Necromancy
  1259 | D:2      | Learned a level 3 spell: Vampiric Draining
  1723 | D:2      | Found Qicsurep's Distillery.
  1853 | D:2      | Noticed Terence
  1858 | D:2      | Killed Terence
  1859 | D:2      | Gained mutation: You are partially covered in icy blue
                  | scales. (AC +2) [demonic ancestry]
  1859 | D:2      | Reached XP level 4. HP: 30/30 MP: 4/8
  2019 | D:3      | Found the +18 Lear's hauberk
  2134 | D:3      | Learned a level 4 spell: Animate Dead
  2134 | D:3      | Found a broken altar of Ashenzari.
  2959 | D:4      | Reached XP level 5. HP: 36/36 MP: 10/10
  2971 | D:4      | Reached skill level 6 in Necromancy
  2976 | D:4      | Reached skill level 1 in Fighting
  3347 | D:5      | Entered Level 5 of the Dungeon
  3430 | D:5      | Reached XP level 6. HP: 29/44 MP: 4/11
  3550 | D:5      | Reached skill level 7 in Necromancy
  3643 | D:5      | Reached XP level 7. HP: 52/52 MP: 7/12
  3996 | D:5      | Reached skill level 8 in Necromancy
  4344 | D:6      | Noticed a hornet
  4347 | D:6      | Noticed a steam dragon
  4348 | D:6      | Paralysed by a hornet for 2 turns
  4352 | D:6      | HP: 2/52 [hornet (10)]
  4352 | D:6      | Slain by a steam dragon

Illustrated notes

Levels and vault maps discovered:
D:1:      dpeg_arrival_lava_temple_mockup, layout_loops_cross, roderic_lattice_a
D:2:      layout_rooms, serial_shops, nicolae_shop_hallway_stairs,
          serial_co_window_serial, co_window_corner_a, co_window_paths_a,
          co_window_paths_a, co_window_paths_a, co_window_paths_b,
          co_window_2corner, co_window_of_opportunity_b, co_window_broadway_a,
          co_window_2corner, co_window_broadway_a, co_window_2corner,
          uniq_terence
D:3:      layout_basic, cheibrodos_ashenzari_chains, st_stairs_9
D:4:      layout_basic, kennysheep_mini_moat
D:5:      layout_basic
D:6:      layout_cave_pools, temple_green, cheibrodos_sewer_entry_drain

Skill      XL: |  1  2  3  4  5  6  7 |
---------------+----------------------+-----
Necromancy     | 5 6 7 8 |  8.0
Spellcasting   | 3 |  3.4
Fighting       | 2 3 |  3.3
Dodging        | |  1.7
Stealth        | |  1.7

Action                   |  1- 3 |  4- 6 |  7- 9 || total
-------------------------+-------+-------+-------++-------
Melee: Short sword       |    19 |     2 |       ||    21
       Touch             |     4 |       |       ||     4
       Flail             |       |    10 |       ||    10
       Mace              |       |    41 |    14 ||    55
 Cast: Necrotise         |    61 |    69 |     3 ||   133
       Animate Dead      |       |     2 |     1 ||     3
       Vampiric Draining |       |     1 |     2 ||     3
  Use: Scroll            |       |     5 |       ||     5
Armor: Robe              |     3 |    11 |     9 ||    23
Dodge: Dodged            |    23 |    35 |     9 ||    67
Block: Buckler           |       |    17 |     6 ||    23

Table legend: (Time is in decaauts)
 A = Elapsed time spent in this place.
 B = Non-inter-level travel time spent in this place.
 C = Inter-level travel time spent in this place.
 D = Time resting spent in this place.
 E = Time spent auto-exploring this place.
 F = Levels seen in this place.
 G = Mean time per level.
                   A        B        C        D        E       F      G
               +--------+--------+--------+--------+--------+-----+--------+
         Total |   4378 |   4232 |    146 |     82 |   3514 |   6 |  729.7 |
       Dungeon |   4378 |   4232 |    146 |     82 |   3514 |   6 |  729.7 |
               +--------+--------+--------+--------+--------+-----+--------+

Top non-repeatable levels by time:
     D:1: 1015 daAuts
     D:2: 1002 daAuts
     D:5: 965 daAuts
     D:3: 729 daAuts
     D:4: 612 daAuts
     D:6: 54 daAuts
